AoeStats
← Andi

Enclosed

506448068Analyzed
1v1 RM · 19d ago on Sep 13, 2026· 47m 55s· 2 players
Game mode
Random Map
Map size
Tiny (2 player)
Population
200
Speed
Normal
Resources
Standard
Victory
Conquest
Starting age
Dark Age
Ending age
Imperial Age
RankedLock teamsTeams togetherTeam positionsShared explorationLock speedFull tech treeHidden civsTurbo modeCheats
Victory
Defeat
🇪🇸 Britons · Spain
925
+16
🇷🇴 Lithuanians · Romania
918
-38
Andi
5:31 Loom
11:22 Feudal Age
12:57 Wheelbarrow
14:05 Double-Bit Axe
19:43 Gold Mining
19:55 Town Watch
24:00 Castle Age
21:50 Horse Collar
22:06 Stone Mining
24:12 Pikeman
24:18 Pikeman
24:59 Squires
24:52 Arson
26:17 Forging
26:10 Scale Mail Armor
28:25 Hand Cart
28:14 Town Patrol
28:58 Bow Saw
31:19 Iron Casting
31:00 Chain Mail Armor
32:18 Padded Archer Armor
32:10 Fletching
31:51 Elite Skirmisher
33:38 Stone Shaft Mining
35:03 Thumb Ring
37:34 Heavy Plow
37:46 Hill Forts
38:14 Leather Archer Armor
38:00 Bodkin Arrow
45:56 Imperial Age
JonRu
10:59 Feudal Age
12:21 Wheelbarrow
13:12 Loom
13:39 Horse Collar
13:48 Double-Bit Axe
16:04 Castle Age
17:27 Bow Saw
17:19 Heavy Plow
20:53 Gold Mining
23:38 Hand Cart
23:44 Stone Mining
26:23 Gold Shaft Mining
27:20 Fletching
27:31 Padded Archer Armor
27:44 Forging
27:37 Scale Mail Armor
27:43 Scale Barding Armor
27:56 Scale Barding Armor
28:46 Fletching
29:11 Leather Archer Armor
29:20 Ballistics
31:37 Imperial Age
29:06 Pikeman
29:48 Squires
29:22 Light Cavalry
30:03 Husbandry
31:12 Iron Casting
30:52 Chain Mail Armor
31:23 Bodkin Arrow
31:50 Chain Barding Armor
31:42 Elite Skirmisher
32:40 Halberdier
35:19 Ring Archer Armor
35:49 Blast Furnace
35:20 Plate Mail Armor
36:02 Chemistry
36:28 Conscription
36:29 Yeomen
35:31 Elite Longbowman
36:00 Treadmill Crane
36:31 Masonry
36:41 Siege Engineers
38:17 Two-Man Saw
37:56 Bracer
39:19 Plate Barding Armor
38:14 Capped Ram
47:55 Arson
Connection lost

Rejoining the realm…

Still unreachable

The connection could not be restored.

Session expired

The server has moved on; the page needs a fresh start.